 Dungeon Crawl Stone Soup version 0.31-a0-1405-g2bb1a01664 (webtiles) character file.

Game seed: 16129305328932880194

1430 Loonster the Grappler (level 8, -1/69 HPs)
             Began as a Gargoyle Berserker on Dec 25, 2023.
             Was an Elder of Trog.
             Killed by divine providence
             ... invoked by an orc priest
              (14 damage)
             ... on level 5 of the Dungeon.
             The game lasted 00:06:47 (6105 turns).

Loonster the Grappler (Gargoyle Berserker)          Turns: 6105, Time: 00:06:48

Health: -1/69      AC: 14    Str: 23    XL:     8   Next: 73%
Magic:  8/8        EV: 13    Int:  8    God:    Trog [****..]
Gold:   236        SH:  0    Dex: 11    Spells: 7/7 levels left

rFire   . .          .
                       - Unarmed
rCold   . . .        (no shield)
rNeg    + . .        c - +3 leather armour
rPois   ∞            (no helmet)
rElec   +            (no cloak)
rCorr   .            w - +0 pair of gloves
SInv    .            o - +0 pair of boots
Will    .....        (no amulet) Stlth
                     (no ring)
HPRegen 0.31/turn    (no ring)
MPRegen 0.11/turn

%: no passive effects
@: berserking, flying, very quick
A: sickness immunity, AC +5, negative energy resistance 1, electricity
resistance, torment resistance 1, petrification resistance, big wings, thin
skeletal structure 1, MP-powered wands
a: Renounce Religion, Berserk, Trog's Hand, Brothers in Arms


You were on level 5 of the Dungeon.
You worshipped Trog.
Trog was greatly pleased with you.
You visited 1 branch of the dungeon, and saw 6 of its levels.
You also visited: Sewer.

You collected 260 gold pieces.
You spent 24 gold pieces at shops.

Inventory:

Missiles
 f - 8 javelins
Armour
 a - a +0 animal skin
 c - a +3 leather armour (worn)
 o - a +0 pair of boots (worn)
 w - a +0 pair of gloves (worn)
Jewellery
 i - an amulet of reflection
Talismans
 u - a beast talisman
Scrolls
 e - a scroll of immolation {unknown}
 j - 2 scrolls of summoning
 k - 3 scrolls of teleportation {unknown}
 l - a scroll of vulnerability {unknown}
 n - a scroll of enchant weapon {unknown}
 p - a scroll of enchant armour {unknown}
 s - a scroll of fear {unknown}
 t - a scroll of brand weapon {unknown}
Potions
 b - a potion of mutation
 d - a potion of invisibility
 g - 2 potions of haste
 m - 2 potions of attraction
 q - 2 potions of brilliance
 r - a potion of ambrosia
 v - 2 potions of lignification
 x - a potion of heal wounds {unknown}
 z - 2 potions of resistance {unknown}
 A - 2 potions of might {unknown}
 B - a potion of magic {unknown}
 C - a potion of experience {unknown}


   Skills:
 - Level 3.3 Fighting
 - Level 2.3 Armour
 - Level 4.4 Dodging
 - Level 2.8 Stealth
 + Level 9.3 Unarmed Combat


You had 7 spell levels left.
You didn't know any spells.
Your spell library was empty.

Dungeon Overview and Level Annotations

Branches:
Dungeon (6/15)              Sewer (visited)
 Temple: D:4-7

Altars:
Gozag
Nemelex Xobeh

Shops:
D:3 ?


Innate Abilities, Weirdness & Mutations

You are immune to sickness and miasma.
Your stone body is resilient. (AC +5)
You are immune to poison.
You resist negative energy. (rN+)
You are resistant to electric shocks. (rElec)
You are resistant to unholy torment.
You are immune to petrification.
Your large and strong wings let you fly.
You have a somewhat thin skeletal structure. (Dex +2, Stealth+)
You expend magic power (3 MP) to strengthen your wands.


Message History

The centaur shoots an arrow.
The arrow hits you.
The centaur shoots an arrow.
The arrow hits you.
The centaur shoots an arrow.
The arrow barely misses you.
The centaur shoots an arrow.
The arrow barely misses you.
The centaur shoots an arrow.
The arrow misses you.
The centaur shoots an arrow.
The arrow hits you.
The centaur shoots an arrow.
The arrow completely misses you.
The centaur shoots an arrow.
The arrow hits you.
The centaur shoots an arrow.
The arrow closely misses you.
The centaur shoots an arrow.
The arrow closely misses you.
The centaur shoots an arrow.
The arrow closely misses you.
The centaur shoots an arrow.
The arrow completely misses you.
There is a stone staircase leading up here.
The centaur shoots an arrow.
The arrow hits you but does no damage.
You fly upwards.
The orc priest shouts!
The orc wizard shouts!
The orc shouts!
The kobold shouts!
You hear a shout! x2
There is a stone staircase leading down here.
The orc shouts!
You hear a shout!
You hear an angry hiss.
The orc priest casts a cantrip, but nothing happens.
The ogre barely misses you. The orc wizard casts a spell at you.
You are confused.
You bump into the rock wall.
The ogre misses you.
You bump into the rock wall.
You are too confused!
Unknown command.
You hit the ogre.
The ogre is moderately wounded.
The ogre hits you with a +0 giant club!
You closely miss the ogre.
The ogre is moderately wounded.
You bump into the rock wall.
The ogre misses you.
You feel better. The ogre hits you with a +0 giant club!
* * * LOW HITPOINT WARNING * * *
A red film seems to cover your vision as you go berserk!
You feel yourself moving faster!
You feel mighty!
The orc priest calls down the wrath of Beogh upon you.
Beogh smites you!
You die...

..........#
..........# .##
..........## ..#
.###....#..# #.# .#
###..##.## #.# ##
#........# #.# )#
#.##..#[.# #.#
)###.##..#..####.#
.##..##..#....##@#
...........##.##O#
......(#....#.##o###
.......#.#..#..ooo.#
.....<.#...o....o>.#
.###..###..........#
.#.†.## .#........#
.#.### .##.#.....#
... ###.......#


You could see an ogre, an orc priest, an orc wizard and 3 orcs.

Vanquished Creatures
  Prince Ribbit (D:6)
  2 ogres
  2 black bears
  A centaur (D:6)
  A kobold brigand (Sewer)
  A howler monkey (D:4)
  An orc priest (D:4)
  3 bombardier beetles
  A jelly (D:4)
  A hound (D:5)
  3 iguanas
  4 gnolls (D:3)
  8 adders
  10 river rats (Sewer)
  A white imp (D:5)
  4 worms
  5 dart slugs
  5 orcs
  13 ball pythons
  8 bats
  10 endoplasms
  8 giant cockroaches
  11 goblins
  3 hobgoblins
  3 jackals (D:2)
  23 kobolds
  A quokka (D:1)
  4 frilled lizards
  21 rats
159 creatures vanquished.

Vanquished Creatures (collateral kills)
  An ogre (D:4)
  A goblin (D:4)
  A kobold (D:4)
3 creatures vanquished.

Grand Total: 162 creatures vanquished

Notes
Turn   | Place    | Note
-------+----------+-------------------------------------------
     0 | D:1      | Loonster the Gargoyle Berserker began the quest for the
                  | Orb.
     0 | D:1      | Reached XP level 1. HP: 14/14 MP: 1/1
   138 | D:1      | Reached skill level 1 in Stealth
   138 | D:1      | Reached XP level 2. HP: 17/19 MP: 2/2
   462 | D:1      | Reached ** piety under Trog
   463 | D:1      | Reached XP level 3. HP: 23/23 MP: 3/3
   483 | D:1      | Found a faded altar of an unknown god.
  1401 | D:2      | Reached XP level 4. HP: 25/28 MP: 4/4
  2528 | D:3      | Found an opulent altar of Gozag.
  2744 | D:3      | Reached XP level 5. HP: 26/32 MP: 5/5
  2880 | D:3      | Found Tulo Hyna's Magic Scroll Shop.
  2887 | D:3      | Bought a scroll of identify for 24 gold pieces
  2977 | D:3      | Reached *** piety under Trog
  3655 | D:4      | Gained mutation: You occasionally shout uncontrollably at
                  | your foes. [potion of mutation]
  3655 | D:4      | Gained mutation: You are weak. (Str -2) [potion of
                  | mutation]
  3655 | D:4      | Gained mutation: Your mind is acute. (Int +4, Str/Dex -1)
                  | [potion of mutation]
  3656 | D:4      | Lost mutation: You occasionally shout uncontrollably at
                  | your foes. [potion of mutation]
  3656 | D:4      | Lost mutation: You are weak. (Str -2) [potion of mutation]
  3656 | D:4      | Lost mutation: Your mind is acute. (Int +4, Str/Dex -1)
                  | [potion of mutation]
  3656 | D:4      | Gained mutation: Your large and strong wings let you fly.
                  | [potion of mutation]
  3656 | D:4      | Gained mutation: You have a somewhat thin skeletal
                  | structure. (Dex +2, Stealth+) [potion of mutation]
  3656 | D:4      | Gained mutation: You expend magic power (3 MP) to
                  | strengthen your wands. [potion of mutation]
  3743 | D:4      | Reached XP level 6. HP: 7/37 MP: 6/6
  3869 | D:4      | Found a sparkling altar of Nemelex Xobeh.
  4303 | D:4      | Reached skill level 4 in Unarmed Combat
  4340 | D:4      | Reached skill level 5 in Unarmed Combat
  4340 | D:4      | Reached XP level 7. HP: 12/41 MP: 7/7
  4684 | D:5      | Entered Level 5 of the Dungeon
  4694 | D:5      | Reached skill level 6 in Unarmed Combat
  4859 | D:4      | Reached skill level 7 in Unarmed Combat
  5075 | D:5      | Reached XP level 8. HP: 27/46 MP: 8/8
  5167 | D:5      | Reached **** piety under Trog
  5219 | D:5      | You are sucked into a shaft and drop 1 floor!
  5278 | D:6      | Found a glowing drain.
  5282 | Sewer    | Entered a sewer
  5447 | Sewer    | Reached skill level 8 in Unarmed Combat
  5963 | D:6      | Noticed Prince Ribbit
  5978 | D:6      | Killed Prince Ribbit
  5979 | D:6      | Reached skill level 9 in Unarmed Combat
  6105 | D:5      | Killed from afar by an orc priest

Illustrated notes

Levels and vault maps discovered:
D:1:      minmay_arrival_radiant_lines, layout_loops_cross, serial_forest,
          infiniplex_forest_clump_curved, infiniplex_forest_clump_large,
          infiniplex_forest_end_2, infiniplex_forest_lined_room_2,
          infiniplex_forest_end_3, infiniplex_forest_end_3,
          infiniplex_forest_zigzag_2, infiniplex_forest_end_2,
          shapermc_ecumenical_altar_ellora, serial_bayou_lagoon_a,
          minmay_small_reverse_x
D:2:      layout_basic, minmay_misc_feat_tower
D:3:      layout_basic, lemuel_round_altar, serial_shops, shop
D:4:      minmay_chambers_of_threes, layout_basic, nemelex_spade_bored_becter
D:5:      layout_rooms, hangedman_abyss_or_decor_passed, lexackson_kobold_supper
D:6:      layout_loops_ring, kennysheep_vampire_church,
          mainiacjoe_sewer_entry_somewhere_in_here_2, nicolae_wooded_promenade,
          supply_closet_lemuel, uniq_prince_ribbit1, uniq_grinder

Skill      XL: |  1  2  3  4  5  6  7  8 |
---------------+-------------------------+-----
Stealth        | 1 2 |  2.8
Dodging        | 2 3 4 |  4.4
Unarmed Combat | 5 7 9 |  9.3
Fighting       | |  3.3
Armour         | |  2.3

Action                     |  1- 3 |  4- 6 |  7- 9 || total
---------------------------+-------+-------+-------++-------
  Melee: Unarmed           |   128 |   261 |   244 ||   633
         Punch             |     4 |     8 |    12 ||    24
 Invoke: Berserk           |       |     3 |     1 ||     4
    Use: Scroll            |       |     6 |     5 ||    11
         Potion            |       |     2 |     1 ||     3
   Stab: Sleeping          |     2 |     7 |     1 ||    10
 Armour: Leather armour    |    76 |   108 |   171 ||   355
  Dodge: Dodged            |    68 |   138 |   197 ||   403
         Form:             |       |       |     1 ||     1
         Beast             |       |       |     1 ||     1

Table legend: (Time is in decaauts)
 A = Elapsed time spent in this place.
 B = Non-inter-level travel time spent in this place.
 C = Inter-level travel time spent in this place.
 D = Time resting spent in this place.
 E = Time spent auto-exploring this place.
 F = Levels seen in this place.
 G = Mean time per level.
                   A        B        C        D        E       F      G
               +--------+--------+--------+--------+--------+-----+--------+
         Total |   6083 |   5866 |    217 |    215 |   4363 |   7 |  869.0 |
       Dungeon |   5478 |   5261 |    217 |    209 |   4033 |   6 |  913.0 |
         Sewer |    604 |    604 |      0 |      6 |    330 |   1 |  604.0 |
               +--------+--------+--------+--------+--------+-----+--------+

Top non-repeatable levels by time:
     D:4: 1493 daAuts
     D:2: 1257 daAuts
     D:1: 1175 daAuts
     D:3: 927 daAuts
   Sewer: 604 daAuts
     D:5: 376 daAuts
     D:6: 247 daAuts
